 Dungeon Crawl Stone Soup version 0.19.0-24-gb05acd6 (webtiles) character file.

2029 KarmaPolice the Slasher (level 9, -1/65 HPs)
             Began as a Vampire Skald on Nov 22, 2016.
             Was an Initiate of Kikubaaqudgha.
             Slain by an orc warrior
             ... wielding a +0 trident
              (14 damage)
             ... on level 7 of the Dungeon.
             The game lasted 00:56:17 (13823 turns).

KarmaPolice the Slasher (Vampire Skald)            Turns: 13823, Time: 00:56:18

Health: -1/65      AC:  0    Str: 12    XL:     9   Next: 3%
Magic:  18/18      EV: 18    Int: 15    God:    Kikubaaqudgha [......]
Gold:   189        SH:  0    Dex: 20    Spells: 4 memorised, 12 levels left

rFire  . . .     SeeInvis +     (weapon currently unavailable)
rCold  + . .     Gourm    .     (armour currently unavailable)
rNeg   + + .     Faith    .     (shield currently unavailable)
rPois  +         Spirit   .     (helmet currently unavailable)
rElec  .         Reflect  .     (cloak currently unavailable)
rCorr  .         Harm     .     (gloves currently unavailable)
MR     .....                    (boots currently unavailable)
Stlth  ++++......               (no amulet)
                                (ring currently unavailable)
                                (ring currently unavailable)

@: bat-form, flying, regenerating slowly, very quick
A: fangs 3, see invisible, (unbreathing)
a: End Transformation, Renounce Religion


You were on level 7 of the Dungeon.
You worshipped Kikubaaqudgha.
Kikubaaqudgha was noncommittal.
You were thirsty.
You were in vampire-bat-form.
You visited 2 branches of the dungeon, and saw 9 of its levels.

You collected 301 gold pieces.
You spent 112 gold pieces at shops.

Inventory:

Hand Weapons
 a - a +0 falchion
 x - a +3 spear (melded)
Armour
 b - a +0 leather armour (melded)
 d - a +0 cloak (melded)
 o - a +0 pair of gloves (melded)
 v - a +2 helmet of intelligence (melded)
Jewellery
 l - a ring of protection from cold (melded)
 s - a +3 ring of dexterity (melded)
Wands
 w - a wand of teleportation (5/9)
 C - a wand of random effects (21/48)
Scrolls
 j - 3 scrolls of recharging
 k - 2 scrolls of enchant armour
 n - 2 scrolls of immolation
 r - a scroll of amnesia {unknown}
 u - 3 scrolls of remove curse
 y - a scroll of teleportation
 z - a scroll of fog
 B - a scroll of enchant weapon {unknown}
Potions
 e - a potion of haste
 f - a potion of experience {unknown}
 g - a potion of flight {unknown}
 h - a potion of ambrosia {unknown}
 i - a potion of heal wounds {unknown}
 m - a potion of magic {unknown}
 p - 3 potions of brilliance
 q - a potion of curing
 t - 5 potions of lignification
 A - 4 potions of blood
Books
 c - a book of Battle

   Spells                             Type                      Level
   a - Infusion                       Charms                       1
   b - Shroud of Golubria             Charms/Translocation         2
   c - Song of Slaying                Charms                       2
   d - Spectral Weapon                Hexes/Charms                 3
   e - Regeneration                   Charms/Necromancy            3


   Skills:
 - Level 3.6 Fighting
 + Level 6.8 Long Blades
 - Level 0.7 Armour
 - Level 1.1 Dodging
 + Level 6.1 Spellcasting
 - Level 4.0 Charms
 + Level 6.4 Necromancy
 + Level 1.0 Evocations


You had 12 spell levels left.
You knew the following spells:

 Your Spells              Type           Power        Failure   Level  Hunger
a - Infusion              Chrm           ###.         2%          1    None
b - Shroud of Golubria    Chrm/Tloc      ##........   12%         2    #......
c - Song of Slaying       Chrm           ###.....     4%          2    #......
d - Regeneration          Chrm/Necr      ###.......   6%          3    ##.....


Dungeon Overview and Level Annotations

Branches:
Dungeon (8/15)             Temple (1/1) D:6
   Lair: D:8-11

Altars:
Ashenzari
Cheibriados
Dithmenos
Elyvilon
Fedhas
Gozag
Hepliaklqana
Kikubaaqudgha
Makhleb
Nemelex Xobeh
Okawaru
Qazlal
Ru
Sif Muna
Trog
Uskayaw
Vehumet
Xom
Yredelemnul
Zin
The Shining One

Shops:
D:4 *   D:7 =

Annotations:
D:2 Terence
D:4 Grinder


Innate Abilities, Weirdness & Mutations

You heal slowly.
You have razor-sharp teeth.
You have supernaturally acute eyesight. (SInv)
((You can survive without breathing.))


Message History

An orc warrior is nearby!
The hippogriff screeches!
The centaur wields a shortbow.
The centaur shoots an arrow.
The arrow closely misses you.
The centaur shoots an arrow.
The arrow hits you!
You see here an arrow.
The orc warrior shouts!
The orc warrior is too close now for your liking.
The orc warrior hits you from afar with a trident!
The orc shouts!
An orc priest comes into view. It is wielding a hand axe.
The orc priest shouts!
You hear a shout!
The orc priest invokes the aid of Beogh against you.
Beogh smites you!
The orc warrior hits you with a trident!
* * * LOW HITPOINT WARNING * * *
The orc priest looks braver for a moment.
The orc warrior hits you from afar with a trident!
You die...
Kikubaaqudgha rasps: "You have failed me!
Welcome... oblivion!"

#..........##..#.#####...###'##
#.......##oo.....<......#8...#.
#.......# ####...######.#...#..
###.......######..o# #.#.(..#i
#...##.............# #.+.#.#(#
#.######.########..### #.##.#:#.
...#####.# #.o..####.#...#..
.#...?.o.########.o.......#....#.
...####..##.>...b.##.####.#8..#..
#.## #..##.#####.##.# #..####'#
#.# #..# #.##.# #........ ..# #..
###.##.# #######.. ..# #.#
#...##.# #.# ..# #.# #.####.# #.#
..# #.# #.# #.# #.# ..# #.# #.#
#.##########.# ..#####.#######.#
#............#


You could see an orc warrior, an orc priest and an orc.

Vanquished Creatures
  Duvessa (D:4)
  3 phantoms
  3 sky beasts
  A gnoll sergeant (D:6)
  Dowan (D:4)
  A killer bee (D:6)
  5 crimson imps
  A centaur zombie (D:5)
  5 hounds
  4 orc priests
  A centaur skeleton (D:4)
  Natasha (thrice) (D:3)
  An iguana (D:7)
  4 orc wizards
  2 worker ants (D:6)
  A hound zombie (D:6)
  The ghost of dscm the Digger, a weakling OpEE (D:3)
  A hound skeleton (D:6)
  A howler monkey zombie (D:5)
  15 gnolls
  14 adders
  2 oozes
  4 worms
  4 dart slugs
  5 leopard geckos
  18 orcs
  6 giant cockroaches
  14 goblins
  9 hobgoblins
  4 jackals
  2 quokkas (D:4)
  A ball python (D:1)
  4 bats
  8 frilled lizards
  11 kobolds
  A quokka skeleton (D:6)
  7 rats
169 creatures vanquished.

Notes
Turn   | Place    | Note
-------+----------+-------------------------------------------
     0 | D:1      | KarmaPolice the Vampire Skald began the quest for the Orb.
     0 | D:1      | Reached XP level 1. HP: 16/16 MP: 3/3
   161 | D:1      | Reached XP level 2. HP: 20/22 MP: 5/5
  1041 | D:2      | Noticed Terence
  1046 | D:1      | Reached XP level 3. HP: 27/27 MP: 6/6
  1276 | D:1      | Learned a level 2 spell: Shroud of Golubria
  1294 | D:1      | Learned a level 2 spell: Song of Slaying
  1715 | D:1      | Reached XP level 4. HP: 34/34 MP: 4/7
  1752 | D:2      | Learned a level 3 spell: Regeneration
  3065 | D:3      | Noticed Natasha
  3343 | D:3      | Reached XP level 5. HP: 40/40 MP: 9/9
  3430 | D:3      | Found a shimmering altar of Xom.
  3598 | D:4      | You are sucked into a shaft for 2 floors!
  3684 | D:7      | Noticed a sky beast
  3684 | D:7      | Noticed a centaur
  3757 | D:6      | HP: 2/40 [orc wizard/magic dart (4)]
  3835 | D:6      | Reached skill level 1 in Necromancy
  4063 | D:5      | Entered Level 5 of the Dungeon
  4276 | D:4      | Noticed an ogre
  4413 | D:4      | Found Xint's General Store.
  4423 | D:4      | Bought a scroll of identify for 28 gold pieces
  4423 | D:4      | Bought a potion of degeneration for 14 gold pieces
  4430 | D:4      | Bought a scroll of identify for 28 gold pieces
  4430 | D:4      | Bought a potion of lignification for 42 gold pieces
  4935 | D:3      | Noticed dscm's ghost (weakling OpEE)
  5624 | D:3      | Killed Natasha
  5735 | D:4      | Reached XP level 6. HP: 47/47 MP: 3/10
  5838 | D:4      | Noticed Grinder
  6137 | D:4      | Noticed an orc warrior
  6228 | D:4      | Noticed Duvessa
  6228 | D:4      | Noticed Dowan
  6334 | D:3      | Noticed Natasha
  6347 | D:3      | Killed Natasha
  6700 | D:3      | Noticed Natasha
  6711 | D:3      | Killed Natasha
  6859 | D:3      | Killed dscm's ghost
  7945 | D:5      | Noticed a sky beast
  7946 | D:5      | Noticed a sky beast
  8011 | D:5      | Reached XP level 7. HP: 36/53 MP: 0/12
  9046 | D:7      | Found Juett's Jewellery Boutique.
  9381 | D:7      | Noticed a hippogriff
  9605 | D:5      | Reached skill level 5 in Long Blades
 10068 | D:4      | Reached XP level 8. HP: 54/60 MP: 8/15
 10195 | D:4      | Killed Dowan
 10282 | D:4      | Killed Duvessa
 10282 | D:4      | Reached skill level 5 in Necromancy
 10345 | D:5      | Reached skill level 5 in Spellcasting
 10715 | D:4      | Paralysed by Grinder for 7 turns
 11588 | D:6      | Found a staircase to the Ecumenical Temple.
 11594 | Temple   | Entered the Ecumenical Temple
 11630 | Temple   | Became a worshipper of Kikubaaqudgha
 13564 | D:6      | Reached XP level 9. HP: 35/65 MP: 13/18
 13704 | D:6      | Reached skill level 1 in Evocations
 13823 | D:7      | Slain by an orc warrior

Skill      XL: |  1  2  3  4  5  6  7  8  9 |
---------------+----------------------------+-----
Fighting       | 2 3 |  3.6
Long Blades    | 3 4 5 6 |  6.8
Charms         | 4 |  4.0
Necromancy     | 2 3 4 6 |  6.4
Spellcasting   | 3 4 6 |  6.1
Evocations     | 1 |  1.0
Armour         | |  0.7
Dodging        | |  1.1

Action                   |  1- 3 |  4- 6 |  7- 9 || total
-------------------------+-------+-------+-------++-------
Melee: Falchion          |    86 |   290 |    30 ||   406
       Bite              |     6 |    28 |    34 ||    68
       Unarmed           |     4 |    14 |       ||    18
       Spear             |       |       |   314 ||   314
 Cast: Infusion          |     5 |    33 |    31 ||    69
       Shroud of Golubri |     1 |    19 |    17 ||    37
       Song of Slaying   |       |     7 |     4 ||    11
       Regeneration      |       |     5 |    21 ||    26
 Abil: Bat Form          |     5 |    47 |    51 ||   103
       End Transformatio |     5 |    47 |    50 ||   102
  Use: Scroll            |       |     7 |     6 ||    13
       Potion            |       |     3 |     4 ||     7
 Stab: Sleeping          |     1 |     3 |     2 ||     6
       Distracted        |       |       |     1 ||     1
  Eat: Corpse            |     3 |    15 |    12 ||    30
Armor: Leather armour    |    19 |    71 |   120 ||   210
Dodge: Dodged            |    68 |   159 |   182 ||   409
       Rpst.: Falchion   |    22 |    47 |     7 ||    76
